Hurricanes vs Islanders

Created - February 25, 2017 at 14:38

Goals
1 2 3 T
Hurricanes 1 1 0 2
Islanders 1 1 2 4
Shots
1 2 3 T
Hurricanes 18 15 13 46
Islanders 5 7 16 28

1st period

1. Hurricanes , Jordan Oesterle 1 (Lee Stempniak, Kyle Quincey) at 16:46 (PP)
2. Islanders , Tyler Bozak 19 (Niklas Hjalmarsson) at 19:36

Penalties :
Zack Kassian (NYI) for Interference (Minor) at 3:50, Luca Sbisa (NYI) for Cross-checking (Minor) at 15:38, Luca Sbisa (NYI) for Roughing (Minor) at 19:57

2nd period

3. Hurricanes , Nick Foligno 13 (Dustin Byfuglien, Bryan Little) at 0:20 (PP)
4. Islanders , Luca Sbisa 5 (Tyler Bozak) at 15:53

Penalties :
Pierre-Alexandr Parenteau (NYI) for Tripping (Minor) at 2:50, Luca Sbisa (NYI) for Roughing (Minor) at 10:38, Zack Kassian (NYI) for Tripping (Minor) at 16:54

3rd period

5. Islanders , Roman Polak 2 (Nate Thompson, Zack Kassian) at 6:37
6. Islanders , Patrick Sharp 27 (Andy Greene) at 16:41

Penalties :
Zack Kassian (NYI) for High sticking (Minor) at 19:25

Goalie Stats

Frederik Andersen (CAR), 24 saves from 28 shots - (0.857), L, 22-17-4, 60:00 minutes
Braden Holtby (NYI), 44 saves from 46 shots - (0.957), W, 19-29-6, 60:00 minutes

Players Stats for Hurricanes

Player Name              G  A  P  +/- PIM S  H  SB GA TA FO     MP     PP MP  PK MP  
------------------------------------------------------------------------------------
Alex Chiasson            0  0  0  -1  0   2  2  0  0  0  0/1    15:40   0:00   0:00 
Brad Richardson          0  0  0  -1  0   1  0  0  0  0  9/23   16:04   0:00   0:00 
Brian Boyle              0  0  0   0  0   3  0  0  0  0  10/14  10:53   0:00   0:00 
Brian Dumoulin           0  0  0  -1  0   1  1  0  0  0  0/0    14:56   0:00   0:00 
Brian Strait             0  0  0   0  0   0  3  0  0  0  0/0     5:06   0:09   0:00 
Bryan Little             0  1  1  -2  0   5  0  0  0  0  21/34  23:36   5:21   0:00 
Carl Hagelin             0  0  0  -1  0   4  0  1  0  0  2/2    16:04   0:00   0:00 
Dustin Byfuglien         0  1  1  -2  0   2  3  0  0  0  0/0    25:04   5:46   0:00 
Jamie McGinn             0  0  0  -1  0   3  4  0  0  0  1/1    20:44   4:40   0:00 
Jordan Oesterle          1  0  1  -1  0   1  0  1  0  0  0/0    14:14   4:15   0:00 
Keith Yandle             0  0  0  -1  0   0  0  2  0  0  0/0    21:22   5:37   0:00 
Kyle Quincey             0  1  1  -1  0   3  2  2  0  0  0/0    20:00   4:15   0:00 
Lee Stempniak            0  1  1  -2  0   5  3  0  0  0  0/0    22:55   4:40   0:00 
Marcus Foligno           0  0  0  -1  0   1  0  0  0  0  1/1     4:47   0:00   0:00 
Nick Foligno             1  0  1   0  0   6  2  0  0  0  0/1    16:14   5:21   0:00 
Ron Hainsey              0  0  0  -2  0   1  0  1  0  0  0/0    19:18   0:00   0:00 
Scott Gomez              0  0  0  -1  0   0  0  0  0  0  7/17    9:27   4:40   0:00 
Zach Parise              0  0  0  -2  0   8  2  0  0  0  1/1    23:36   5:21   0:00 

Players Stats for Islanders

Player Name              G  A  P  +/- PIM S  H  SB GA TA FO     MP     PP MP  PK MP  
------------------------------------------------------------------------------------
Alexander Semin          0  0  0   1  0   4  0  1  0  0  1/2    17:29   0:00   6:42 
Andy Greene              0  1  1   2  0   1  1  9  0  0  0/0    23:04   0:00   4:58 
Brandon Davidson         0  0  0   1  0   2  1  0  0  0  0/0    16:05   0:00   5:06 
Colin Wilson             0  0  0   0  0   2  0  0  0  0  0/1    18:02   0:00   0:00 
David Legwand            0  0  0   0  0   0  0  1  0  0  0/1     8:14   0:00   3:24 
Erik Condra              0  0  0   3  0   0  0  0  0  0  1/4    20:50   0:00   0:00 
Josh Manson              0  0  0   1  0   0  4  0  0  0  0/0    18:11   0:00   1:53 
Luca Sbisa               1  0  1   2  6   2  3  3  0  0  0/0    21:18   0:00   3:18 
Marek Zidlicky           0  0  0   0  0   0  1  1  0  0  0/0     4:39   0:00   0:00 
Mark Fayne               0  0  0   0  0   0  0  0  0  0  0/0     0:00   0:00   0:00 
Nate Thompson            0  1  1   1  0   1  3  0  0  0  5/10   18:48   0:00   3:19 
Niklas Hjalmarsson       0  1  1   1  0   0  0  7  0  0  0/0    25:41   0:00   4:47 
Patrick Sharp            1  0  1   3  0   3  2  1  0  0  1/1    16:28   0:00   0:00 
Pierre-Alexandr Parentea 0  0  0   0  2   2  0  0  0  0  1/1    18:13   0:00   0:00 
Roman Polak              1  0  1   1  0   1  3  0  0  0  0/0    10:59   0:00   0:00 
Shawn Horcoff            0  0  0   0  0   6  2  0  0  0  15/24  18:02   0:00   0:00 
Tyler Bozak              1  1  2   3  0   4  0  0  0  0  11/34  23:05   0:00   6:37 
Zack Kassian             0  1  1   1  6   0  2  0  0  0  8/17   10:44   0:00   0:00 

3 Stars

1 - Tyler Bozak (NYI)
2 - Patrick Sharp (NYI)
3 - Braden Holtby (NYI)

Power Play

Hurricanes - 2 on 7 Attempt(s) - 28.57%
Islanders - 0 on 0 Attempt(s) - 0.00%

Penalty Kill

Hurricanes - 0 on 0 Attempt(s) - 0.00% - Score 0 goal in Penalty Kill
Islanders - 5 on 7 Attempt(s) - 71.43% - Score 0 goal in Penalty Kill

Team Stat

Hurricanes - Hits : 22 - Faceoff Wins : 52 - Blocked Shots : 7 - Penalty Minutes : 0
Islanders - Hits : 22 - Faceoff Wins : 43 - Blocked Shots : 23 - Penalty Minutes : 14

Official

Referees : Chris Rooney and Kendrick Nicholson
Linesman : Shandor Alphonso and Derek Amell

Game Notes

No Game Note

Finance

Level 1 -- Attendance: 4962 (82.70%) -- Ticket Income $560,706
Level 2 -- Attendance: 4744 (94.88%) -- Ticket Income $370,032
Level 3 -- Attendance: 2000 (100.00%) -- Ticket Income $144,000
Level 4 -- Attendance: 1624 (90.47%) -- Ticket Income $82,824
Luxury Box -- Attendance: 959 (95.90%) -- Ticket Income $168,784
Game was played at the Barclays Center.
Total Attendance: 14289 (90.47%)
Total Ticket Income: $1,326,346
Other Income: $198,952
Total Income: $1,525,298

% Time on Ice - Hurricanes

Lines # - Real PCT - Wanted PCT - Time Play
Normal Forward
1 - 37% - 37% - 18:15
2 - 32% - 31% - 16:04
3 - 22% - 21% - 10:53
4 - 10% - 11% - 4:47
Normal Defense
1 - 39% - 38% - 19:18
2 - 32% - 31% - 15:45
3 - 20% - 20% - 9:59
4 - 10% - 11% - 4:57
PP Forward
1 - 53% - 58% - 5:21
2 - 47% - 42% - 4:40
PP Defense
1 - 58% - 58% - 5:46
2 - 42% - 42% - 4:15
PK Forward
1 - 0% - 55%
2 - 0% - 45%
PK Defense
1 - 0% - 58%
2 - 0% - 42%
PK3 Forward
1 - 0% - 58%
2 - 0% - 42%
PK3 Defense
1 - 0% - 57%
2 - 0% - 43%
44 Forward
1 - 0% - 55%
2 - 0% - 45%
44 Defense
1 - 0% - 57%
2 - 0% - 43%
Last Minute Offensive  - 0:00
Last Minute Defensive  - 0:00
Total
Forward - 60:00
Defense - 60:00

% Time on Ice - Islanders

Lines # - Real PCT - Wanted PCT - Time Play
Normal Forward
1 - 33% - 36% - 16:28
2 - 36% - 33% - 18:02
3 - 22% - 20% - 10:47
4 - 9% - 11% - 4:42
Normal Defense
1 - 33% - 35% - 16:18
2 - 36% - 35% - 18:03
3 - 22% - 21% - 10:59
4 - 9% - 9% - 4:39
PP Forward
1 - 0% - 60%
2 - 0% - 40%
PP Defense
1 - 0% - 60%
2 - 0% - 40%
PK Forward
1 - 67% - 55% - 6:42
2 - 33% - 45% - 3:19
PK Defense
1 - 50% - 55% - 5:03
2 - 50% - 45% - 4:58
PK3 Forward
1 - 0% - 60%
2 - 0% - 40%
PK3 Defense
1 - 0% - 60%
2 - 0% - 40%
44 Forward
1 - 0% - 60%
2 - 0% - 40%
44 Defense
1 - 0% - 60%
2 - 0% - 40%
Last Minute Offensive  - 0:00
Last Minute Defensive  - 0:00
Total
Forward - 60:00
Defense - 60:00

Play by Play

1st period


0:01 of 1st period - Bryan Little wins face-off versus Tyler Bozak in neutral zone.
1:23 of 1st period - Shot by Carl Hagelin.
1:23 of 1st period - Shot Misses the Net.
1:31 of 1st period - Shot by Jamie McGinn.
1:31 of 1st period - Shot Misses the Net.
1:33 of 1st period - Shot by Jamie McGinn.
1:33 of 1st period - Deflect By Carl Hagelin.
1:33 of 1st period - Shot Blocked by Patrick Sharp.
3:11 of 1st period - Shot by Bryan Little.
3:11 of 1st period - Stopped by Braden Holtby with a rebound.
3:13 of 1st period - Shot by Zach Parise.
3:13 of 1st period - Stopped by Braden Holtby without a rebound.
3:14 of 1st period - Shawn Horcoff wins face-off versus Brad Richardson in Islanders zone.
3:16 of 1st period - Icing by Andy Greene.
3:17 of 1st period - Shawn Horcoff wins face-off versus Brad Richardson in Islanders zone.
3:17 of 1st period - Shawn Horcoff is hit by Jamie McGinn.
3:31 of 1st period - Shot by Colin Wilson.
3:31 of 1st period - Shot Blocked by Kyle Quincey.
3:33 of 1st period - Shot by Colin Wilson.
3:33 of 1st period - Shot Blocked by Carl Hagelin.
3:35 of 1st period - Shot by Luca Sbisa.
3:35 of 1st period - Stopped by Frederik Andersen with a rebound.
3:50 of 1st period - Minor Penalty to Zack Kassian for Interference.
3:51 of 1st period - Bryan Little wins face-off versus Tyler Bozak in Islanders zone.
3:56 of 1st period - Shot by Nick Foligno.
3:56 of 1st period - Stopped by Braden Holtby with a rebound.
3:58 of 1st period - Shot by Zach Parise.
3:58 of 1st period - Shot Misses the Net.
4:02 of 1st period - Shot by Dustin Byfuglien.
4:02 of 1st period - Shot Blocked by Niklas Hjalmarsson.
4:04 of 1st period - Shot by Dustin Byfuglien.
4:04 of 1st period - Shot Misses the Net.
4:06 of 1st period - Shot by Bryan Little.
4:06 of 1st period - Stopped by Braden Holtby without a rebound.
4:07 of 1st period - Nate Thompson wins face-off versus Scott Gomez in Islanders zone.
4:22 of 1st period - Shot by Kyle Quincey.
4:22 of 1st period - Stopped by Braden Holtby with a rebound.
4:24 of 1st period - Shot by Scott Gomez.
4:24 of 1st period - Shot Blocked by Niklas Hjalmarsson.
5:19 of 1st period - Off-side.
5:20 of 1st period - Tyler Bozak wins face-off versus Bryan Little in neutral zone.
5:33 of 1st period - Shot by Dustin Byfuglien.
5:33 of 1st period - Stopped by Braden Holtby without a rebound.
5:34 of 1st period - Tyler Bozak wins face-off versus Scott Gomez in Islanders zone.
5:34 of 1st period - Tyler Bozak is hit by Jamie McGinn.
5:43 of 1st period - Jordan Oesterle is hit by Luca Sbisa and loses puck.
5:48 of 1st period - Shot by Lee Stempniak.
5:48 of 1st period - Shot Misses the Net.
5:50 of 1st period - Shot by Kyle Quincey.
5:50 of 1st period - Stopped by Braden Holtby with a rebound.
6:09 of 1st period - Shot by Brian Boyle.
6:09 of 1st period - Stopped by Braden Holtby without a rebound.
6:10 of 1st period - Bryan Little wins face-off versus Erik Condra in Islanders zone.
6:13 of 1st period - Shot by Lee Stempniak.
6:13 of 1st period - Stopped by Braden Holtby without a rebound.
6:14 of 1st period - Bryan Little wins face-off versus Nate Thompson in Islanders zone.
6:38 of 1st period - Shot by Erik Condra.
6:38 of 1st period - Shot Misses the Net.
6:54 of 1st period - Shot by Bryan Little.
6:54 of 1st period - Shot Blocked by Niklas Hjalmarsson.
6:56 of 1st period - Shot by Bryan Little.
6:56 of 1st period - Stopped by Braden Holtby without a rebound.
6:57 of 1st period - Shawn Horcoff wins face-off versus Scott Gomez in Islanders zone.
7:13 of 1st period - Icing by Marcus Foligno.
7:14 of 1st period - Scott Gomez wins face-off versus Alexander Semin in Hurricanes zone.
7:14 of 1st period - Scott Gomez is hit by Nate Thompson.
7:26 of 1st period - Brandon Davidson is hit by Alex Chiasson and loses puck.
7:36 of 1st period - Icing by Roman Polak.
7:37 of 1st period - Carl Hagelin wins face-off versus Zack Kassian in Islanders zone.
7:37 of 1st period - Brad Richardson is hit by Roman Polak and loses puck.
7:43 of 1st period - Brad Richardson is hit by Roman Polak and loses puck.
8:02 of 1st period - Shot by Brad Richardson.
8:02 of 1st period - Shot Misses the Net.
8:04 of 1st period - Shot by Dustin Byfuglien.
8:04 of 1st period - Stopped by Braden Holtby without a rebound.
8:05 of 1st period - Tyler Bozak wins face-off versus Bryan Little in Islanders zone.
8:30 of 1st period - Shot by Lee Stempniak.
8:30 of 1st period - Shot Misses the Net.
8:33 of 1st period - Icing by Andy Greene.
8:34 of 1st period - Brad Richardson wins face-off versus Tyler Bozak in Islanders zone.
8:47 of 1st period - Shot by Carl Hagelin.
8:47 of 1st period - Shot Misses the Net.
8:49 of 1st period - Shot by Carl Hagelin.
8:49 of 1st period - Shot Blocked by Andy Greene.
8:51 of 1st period - Shot by Jamie McGinn.
8:51 of 1st period - Stopped by Braden Holtby with a rebound.
8:53 of 1st period - Shot by Carl Hagelin.
8:53 of 1st period - Shot Blocked by Andy Greene.
8:59 of 1st period - Shot by Carl Hagelin.
8:59 of 1st period - Stopped by Braden Holtby with a rebound.
10:08 of 1st period - Icing by Andy Greene.
10:09 of 1st period - Brian Boyle wins face-off versus Tyler Bozak in Islanders zone.
10:18 of 1st period - Shot by Nick Foligno.
10:18 of 1st period - Deflect By Alex Chiasson.
10:18 of 1st period - Stopped by Braden Holtby with a rebound.
10:33 of 1st period - Icing by Nick Foligno.
10:34 of 1st period - Shawn Horcoff wins face-off versus Nick Foligno in Hurricanes zone.
10:38 of 1st period - Icing by Jordan Oesterle.
10:39 of 1st period - Shawn Horcoff wins face-off versus Brian Boyle in Hurricanes zone.
10:40 of 1st period - Shot by Colin Wilson.
10:40 of 1st period - Shot Blocked by Jordan Oesterle.
11:02 of 1st period - Shot by Pierre-Alexandr Parenteau.
11:02 of 1st period - Deflect By Shawn Horcoff.
11:02 of 1st period - Shot Misses the Net.
12:12 of 1st period - Icing by Alexander Semin.
12:13 of 1st period - Zack Kassian wins face-off versus Brad Richardson in Islanders zone.
12:48 of 1st period - Shot by Colin Wilson.
12:48 of 1st period - Shot Misses the Net.
12:50 of 1st period - Shot by Shawn Horcoff.
12:50 of 1st period - Stopped by Frederik Andersen with a rebound.
12:52 of 1st period - Shot by Pierre-Alexandr Parenteau.
12:52 of 1st period - Shot Misses the Net.
12:54 of 1st period - Shot by Shawn Horcoff.
12:54 of 1st period - Shot Blocked by Keith Yandle.
12:56 of 1st period - Shot by Shawn Horcoff.
12:56 of 1st period - Shot Misses the Net.
13:03 of 1st period - Icing by Kyle Quincey.
13:04 of 1st period - Brad Richardson wins face-off versus Nate Thompson in Hurricanes zone.
13:24 of 1st period - Off-side.
13:25 of 1st period - Bryan Little wins face-off versus Tyler Bozak in neutral zone.
13:32 of 1st period - Off-side.
13:33 of 1st period - Bryan Little wins face-off versus Shawn Horcoff in neutral zone.
13:53 of 1st period - Andy Greene is hit by Zach Parise and loses puck.
14:01 of 1st period - Shot by Shawn Horcoff.
14:01 of 1st period - Deflect By Colin Wilson.
14:01 of 1st period - Stopped by Frederik Andersen without a rebound.
14:02 of 1st period - Marcus Foligno wins face-off versus Zack Kassian in Hurricanes zone.
14:02 of 1st period - Marcus Foligno is hit by Zack Kassian.
14:05 of 1st period - Scott Gomez is hit by Zack Kassian and loses puck.
14:13 of 1st period - Zack Kassian is hit by Brian Strait and loses puck.
14:23 of 1st period - Icing by Brian Dumoulin.
14:24 of 1st period - Scott Gomez wins face-off versus Tyler Bozak in Hurricanes zone.
14:24 of 1st period - Scott Gomez is hit by Patrick Sharp.
14:31 of 1st period - Patrick Sharp is hit by Brian Dumoulin and loses puck.
14:37 of 1st period - Icing by Brian Dumoulin.
14:38 of 1st period - Shawn Horcoff wins face-off versus Scott Gomez in Hurricanes zone.
14:38 of 1st period - Pierre-Alexandr Parenteau is hit by Brian Strait.
14:48 of 1st period - Shot by Shawn Horcoff.
14:48 of 1st period - Stopped by Frederik Andersen without a rebound.
14:49 of 1st period - Tyler Bozak wins face-off versus Bryan Little in Hurricanes zone.
15:02 of 1st period - Shot by Bryan Little.
15:02 of 1st period - Shot Blocked by Niklas Hjalmarsson.
15:04 of 1st period - Shot by Zach Parise.
15:04 of 1st period - Shot Misses the Net.
15:06 of 1st period - Shot by Ron Hainsey.
15:06 of 1st period - Stopped by Braden Holtby without a rebound.
15:07 of 1st period - Shawn Horcoff wins face-off versus Brad Richardson in Islanders zone.
15:23 of 1st period - Jamie McGinn is hit by Andy Greene and loses puck.
15:27 of 1st period - Carl Hagelin is hit by Luca Sbisa and loses puck.
15:37 of 1st period - Jamie McGinn is hit by Luca Sbisa and loses puck.
15:38 of 1st period - Minor Penalty to Luca Sbisa for Cross-checking.
15:39 of 1st period - Bryan Little wins face-off versus Tyler Bozak in Islanders zone.
16:46 of 1st period - Shot by Jordan Oesterle.
16:46 of 1st period - Goal by Jordan Oesterle - Hurricanes : 1 - Islanders : 0.
16:47 of 1st period - Scott Gomez wins face-off versus Shawn Horcoff in neutral zone.
17:38 of 1st period - Shot by Brad Richardson.
17:38 of 1st period - Stopped by Braden Holtby without a rebound.
17:39 of 1st period - Bryan Little wins face-off versus Tyler Bozak in Islanders zone.
17:58 of 1st period - Shot by Zach Parise.
17:58 of 1st period - Stopped by Braden Holtby without a rebound.
17:59 of 1st period - Zack Kassian wins face-off versus Brad Richardson in Islanders zone.
19:04 of 1st period - Shot by Patrick Sharp.
19:04 of 1st period - Deflect By Tyler Bozak.
19:04 of 1st period - Shot Blocked by Ron Hainsey.
19:07 of 1st period - Icing by Ron Hainsey.
19:08 of 1st period - Shawn Horcoff wins face-off versus Bryan Little in Hurricanes zone.
19:16 of 1st period - Icing by Ron Hainsey.
19:17 of 1st period - Tyler Bozak wins face-off versus Bryan Little in Hurricanes zone.
19:36 of 1st period - Shot by Tyler Bozak.
19:36 of 1st period - Goal by Tyler Bozak - Hurricanes : 1 - Islanders : 1.
19:37 of 1st period - Shawn Horcoff wins face-off versus Brian Boyle in neutral zone.
19:40 of 1st period - Shot by Colin Wilson.
19:40 of 1st period - Shot Misses the Net.
19:57 of 1st period - Minor Penalty to Luca Sbisa for Roughing.
19:58 of 1st period - Scott Gomez wins face-off versus Tyler Bozak in Islanders zone.
Goals for this period are 1 for Hurricanes vs 1 for Islanders.
Shots for this period are 18 for Hurricanes vs 5 for Islanders.

2nd period


0:01 of 2nd period - Tyler Bozak wins face-off versus Bryan Little in neutral zone.
0:16 of 2nd period - Shot by Nick Foligno.
0:16 of 2nd period - Shot Misses the Net.
0:18 of 2nd period - Shot by Dustin Byfuglien.
0:18 of 2nd period - Shot Misses the Net.
0:20 of 2nd period - Shot by Nick Foligno.
0:20 of 2nd period - Goal by Nick Foligno - Hurricanes : 2 - Islanders : 1.
0:21 of 2nd period - Brad Richardson wins face-off versus Nate Thompson in neutral zone.
0:26 of 2nd period - Nate Thompson is hit by Jamie McGinn and loses puck.
0:42 of 2nd period - Brad Richardson is hit by Marek Zidlicky and loses puck.
1:41 of 2nd period - Shot by Bryan Little.
1:41 of 2nd period - Shot Blocked by David Legwand.
1:43 of 2nd period - Shot by Dustin Byfuglien.
1:43 of 2nd period - Shot Blocked by Marek Zidlicky.
1:45 of 2nd period - Shot by Bryan Little.
1:45 of 2nd period - Shot Misses the Net.
2:19 of 2nd period - Keith Yandle is hit by Shawn Horcoff and loses puck.
2:34 of 2nd period - Shot by Colin Wilson.
2:34 of 2nd period - Shot Blocked by Keith Yandle.
2:50 of 2nd period - Minor Penalty to Pierre-Alexandr Parenteau for Tripping.
2:51 of 2nd period - Scott Gomez wins face-off versus Tyler Bozak in Islanders zone.
3:06 of 2nd period - Shot by Lee Stempniak.
3:06 of 2nd period - Stopped by Braden Holtby without a rebound.
3:07 of 2nd period - Bryan Little wins face-off versus Tyler Bozak in Islanders zone.
3:24 of 2nd period - Shot by Bryan Little.
3:24 of 2nd period - Deflect By Nick Foligno.
3:24 of 2nd period - Shot Blocked by Andy Greene.
3:26 of 2nd period - Shot by Bryan Little.
3:26 of 2nd period - Stopped by Braden Holtby without a rebound.
3:27 of 2nd period - Tyler Bozak wins face-off versus Scott Gomez in Islanders zone.
3:54 of 2nd period - Shot by Jordan Oesterle.
3:54 of 2nd period - Shot Blocked by Alexander Semin.
3:56 of 2nd period - Shot by Jamie McGinn.
3:56 of 2nd period - Shot Blocked by Andy Greene.
3:58 of 2nd period - Shot by Kyle Quincey.
3:58 of 2nd period - Stopped by Braden Holtby without a rebound.
3:59 of 2nd period - Bryan Little wins face-off versus Nate Thompson in Islanders zone.
4:34 of 2nd period - Niklas Hjalmarsson is hit by Nick Foligno and loses puck.
4:39 of 2nd period - Shot by Zach Parise.
4:39 of 2nd period - Shot Misses the Net.
4:41 of 2nd period - Shot by Zach Parise.
4:41 of 2nd period - Shot Misses the Net.
5:15 of 2nd period - Brandon Davidson is hit by Jamie McGinn and loses puck.
5:26 of 2nd period - Shot by Brad Richardson.
5:26 of 2nd period - Shot Misses the Net.
5:30 of 2nd period - Shot by Carl Hagelin.
5:30 of 2nd period - Shot Misses the Net.
5:54 of 2nd period - Shot by Marcus Foligno.
5:54 of 2nd period - Shot Misses the Net.
6:55 of 2nd period - Off-side.
6:56 of 2nd period - Brad Richardson wins face-off versus Zack Kassian in neutral zone.
7:14 of 2nd period - Shot by Alexander Semin.
7:14 of 2nd period - Stopped by Frederik Andersen with a rebound.
7:19 of 2nd period - Icing by Brian Dumoulin.
7:20 of 2nd period - Tyler Bozak wins face-off versus Brad Richardson in Hurricanes zone.
7:23 of 2nd period - Shot by Patrick Sharp.
7:23 of 2nd period - Stopped by Frederik Andersen without a rebound.
7:24 of 2nd period - Tyler Bozak wins face-off versus Bryan Little in Hurricanes zone.
7:25 of 2nd period - Shot by Erik Condra.
7:25 of 2nd period - Shot Misses the Net.
8:02 of 2nd period - Shot by Tyler Bozak.
8:02 of 2nd period - Stopped by Frederik Andersen without a rebound.
8:03 of 2nd period - Zack Kassian wins face-off versus Brian Boyle in Hurricanes zone.
8:06 of 2nd period - Shot by Alexander Semin.
8:06 of 2nd period - Stopped by Frederik Andersen without a rebound.
8:07 of 2nd period - Zack Kassian wins face-off versus Brian Boyle in Hurricanes zone.
8:32 of 2nd period - Shot by Nick Foligno.
8:32 of 2nd period - Shot Misses the Net.
8:34 of 2nd period - Shot by Brian Boyle.
8:34 of 2nd period - Shot Misses the Net.
8:36 of 2nd period - Shot by Kyle Quincey.
8:36 of 2nd period - Shot Misses the Net.
9:29 of 2nd period - Shot by Zach Parise.
9:29 of 2nd period - Stopped by Braden Holtby without a rebound.
9:30 of 2nd period - Shawn Horcoff wins face-off versus Brad Richardson in Islanders zone.
9:59 of 2nd period - Shot by Shawn Horcoff.
9:59 of 2nd period - Stopped by Frederik Andersen without a rebound.
10:00 of 2nd period - Tyler Bozak wins face-off versus Alex Chiasson in Hurricanes zone.
10:19 of 2nd period - Shot by Nick Foligno.
10:19 of 2nd period - Stopped by Braden Holtby with a rebound.
10:27 of 2nd period - Shot by Brian Boyle.
10:27 of 2nd period - Shot Blocked by Andy Greene.
10:29 of 2nd period - Shot by Alex Chiasson.
10:29 of 2nd period - Shot Blocked by Andy Greene.
10:31 of 2nd period - Shot by Brian Boyle.
10:31 of 2nd period - Shot Blocked by Luca Sbisa.
10:33 of 2nd period - Shot by Alex Chiasson.
10:33 of 2nd period - Shot Blocked by Luca Sbisa.
10:38 of 2nd period - Minor Penalty to Luca Sbisa for Roughing.
10:39 of 2nd period - Nate Thompson wins face-off versus Scott Gomez in Islanders zone.
10:50 of 2nd period - Shot by Jamie McGinn.
10:50 of 2nd period - Shot Misses the Net.
11:47 of 2nd period - Icing by Zach Parise.
11:48 of 2nd period - Bryan Little wins face-off versus Tyler Bozak in Hurricanes zone.
12:28 of 2nd period - Shot by Zach Parise.
12:28 of 2nd period - Deflect By Bryan Little.
12:28 of 2nd period - Stopped by Braden Holtby without a rebound.
12:29 of 2nd period - Nate Thompson wins face-off versus Scott Gomez in Islanders zone.
12:36 of 2nd period - Shot by Lee Stempniak.
12:36 of 2nd period - Shot Blocked by Niklas Hjalmarsson.
12:45 of 2nd period - Brandon Davidson is hit by Brian Strait and loses puck.
13:28 of 2nd period - Brian Dumoulin is hit by Nate Thompson and loses puck.
13:56 of 2nd period - Shot by Zach Parise.
13:56 of 2nd period - Stopped by Braden Holtby without a rebound.
13:57 of 2nd period - Jamie McGinn wins face-off versus Zack Kassian in Islanders zone.
14:00 of 2nd period - Shot by Carl Hagelin.
14:00 of 2nd period - Stopped by Braden Holtby with a rebound.
14:46 of 2nd period - Shot by Patrick Sharp.
14:46 of 2nd period - Shot Misses the Net.
14:53 of 2nd period - Icing by Kyle Quincey.
14:54 of 2nd period - Shawn Horcoff wins face-off versus Brad Richardson in Hurricanes zone.
14:55 of 2nd period - Shot by Colin Wilson.
14:55 of 2nd period - Shot Blocked by Kyle Quincey.
14:57 of 2nd period - Shot by Shawn Horcoff.
14:57 of 2nd period - Stopped by Frederik Andersen without a rebound.
14:58 of 2nd period - Shawn Horcoff wins face-off versus Bryan Little in Hurricanes zone.
15:08 of 2nd period - Zach Parise is hit by Josh Manson and loses puck.
15:35 of 2nd period - Shot by Zach Parise.
15:35 of 2nd period - Stopped by Braden Holtby with a rebound.
15:53 of 2nd period - Shot by Luca Sbisa.
15:53 of 2nd period - Goal by Luca Sbisa - Hurricanes : 2 - Islanders : 2.
15:54 of 2nd period - Erik Condra wins face-off versus Scott Gomez in neutral zone.
16:27 of 2nd period - Shot by Marcus Foligno.
16:27 of 2nd period - Shot Misses the Net.
16:29 of 2nd period - Shot by Marcus Foligno.
16:29 of 2nd period - Stopped by Braden Holtby without a rebound.
16:30 of 2nd period - Brad Richardson wins face-off versus Zack Kassian in Islanders zone.
16:30 of 2nd period - Brad Richardson is hit by Roman Polak.
16:32 of 2nd period - Shot by Jamie McGinn.
16:32 of 2nd period - Stopped by Braden Holtby without a rebound.
16:33 of 2nd period - Zack Kassian wins face-off versus Brad Richardson in Islanders zone.
16:54 of 2nd period - Minor Penalty to Zack Kassian for Tripping.
16:55 of 2nd period - Bryan Little wins face-off versus Tyler Bozak in Islanders zone.
16:58 of 2nd period - Shot by Dustin Byfuglien.
16:58 of 2nd period - Shot Blocked by Andy Greene.
17:10 of 2nd period - Brandon Davidson is hit by Nick Foligno and loses puck.
18:09 of 2nd period - Icing by Kyle Quincey.
18:10 of 2nd period - Scott Gomez wins face-off versus Tyler Bozak in Hurricanes zone.
18:21 of 2nd period - Shot by Jamie McGinn.
18:21 of 2nd period - Shot Misses the Net.
18:23 of 2nd period - Shot by Jordan Oesterle.
18:23 of 2nd period - Shot Blocked by Luca Sbisa.
19:09 of 2nd period - Shot by Brian Boyle.
19:09 of 2nd period - Stopped by Braden Holtby with a rebound.
19:16 of 2nd period - Icing by Niklas Hjalmarsson.
19:17 of 2nd period - Brad Richardson wins face-off versus Shawn Horcoff in Islanders zone.
19:30 of 2nd period - Shot by Jamie McGinn.
19:30 of 2nd period - Stopped by Braden Holtby with a rebound.
19:32 of 2nd period - Shot by Brad Richardson.
19:32 of 2nd period - Deflect By Jamie McGinn.
19:32 of 2nd period - Shot Misses the Net.
19:44 of 2nd period - Shot by Carl Hagelin.
19:44 of 2nd period - Stopped by Braden Holtby without a rebound.
19:45 of 2nd period - Nate Thompson wins face-off versus Bryan Little in Islanders zone.
Goals for this period are 1 for Hurricanes vs 1 for Islanders.
Shots for this period are 15 for Hurricanes vs 7 for Islanders.

3rd period


0:01 of 3rd period - Bryan Little wins face-off versus Tyler Bozak in neutral zone.
0:19 of 3rd period - Shot by Bryan Little.
0:19 of 3rd period - Shot Misses the Net.
0:37 of 3rd period - Shot by Lee Stempniak.
0:37 of 3rd period - Shot Misses the Net.
1:21 of 3rd period - Shot by Jamie McGinn.
1:21 of 3rd period - Shot Blocked by Niklas Hjalmarsson.
1:26 of 3rd period - Icing by Patrick Sharp.
1:27 of 3rd period - Brian Boyle wins face-off versus Erik Condra in Islanders zone.
1:27 of 3rd period - Nick Foligno is hit by Josh Manson and loses puck.
1:56 of 3rd period - Shot by Nick Foligno.
1:56 of 3rd period - Stopped by Braden Holtby without a rebound.
1:57 of 3rd period - Brad Richardson wins face-off versus Zack Kassian in Islanders zone.
3:00 of 3rd period - Pierre-Alexandr Parenteau is hit by Kyle Quincey and loses puck.
3:15 of 3rd period - Shot by Pierre-Alexandr Parenteau.
3:15 of 3rd period - Stopped by Frederik Andersen without a rebound.
3:16 of 3rd period - Nate Thompson wins face-off versus Bryan Little in Hurricanes zone.
3:27 of 3rd period - Shot by Nate Thompson.
3:27 of 3rd period - Stopped by Frederik Andersen without a rebound.
3:28 of 3rd period - Brian Boyle wins face-off versus Shawn Horcoff in Hurricanes zone.
4:05 of 3rd period - Icing by Luca Sbisa.
4:06 of 3rd period - Shawn Horcoff wins face-off versus Bryan Little in Islanders zone.
4:06 of 3rd period - Luca Sbisa is hit by Lee Stempniak and loses puck.
4:27 of 3rd period - Shot by Lee Stempniak.
4:27 of 3rd period - Shot Blocked by Niklas Hjalmarsson.
4:31 of 3rd period - Shot by Lee Stempniak.
4:31 of 3rd period - Deflect By Zach Parise.
4:31 of 3rd period - Stopped by Braden Holtby without a rebound.
4:32 of 3rd period - Alexander Semin wins face-off versus Scott Gomez in Islanders zone.
4:58 of 3rd period - Shot by Alexander Semin.
4:58 of 3rd period - Stopped by Frederik Andersen without a rebound.
4:59 of 3rd period - Bryan Little wins face-off versus Tyler Bozak in Hurricanes zone.
5:12 of 3rd period - Shot by Bryan Little.
5:12 of 3rd period - Deflect By Zach Parise.
5:12 of 3rd period - Shot Misses the Net.
5:17 of 3rd period - Tyler Bozak is hit by Lee Stempniak and loses puck.
5:23 of 3rd period - Niklas Hjalmarsson is hit by Dustin Byfuglien and loses puck.
5:29 of 3rd period - Patrick Sharp is hit by Dustin Byfuglien and loses puck.
5:43 of 3rd period - Icing by Ron Hainsey.
5:44 of 3rd period - Bryan Little wins face-off versus Shawn Horcoff in Hurricanes zone.
5:56 of 3rd period - Andy Greene is hit by Zach Parise and loses puck.
6:22 of 3rd period - Pierre-Alexandr Parenteau is hit by Dustin Byfuglien.
6:24 of 3rd period - Shot by Shawn Horcoff.
6:24 of 3rd period - Stopped by Frederik Andersen without a rebound.
6:25 of 3rd period - Zack Kassian wins face-off versus Brad Richardson in Hurricanes zone.
6:34 of 3rd period - Nate Thompson is hit by Kyle Quincey and loses puck.
6:37 of 3rd period - Shot by Roman Polak.
6:37 of 3rd period - Goal by Roman Polak - Hurricanes : 2 - Islanders : 3.
6:38 of 3rd period - Brian Boyle wins face-off versus Tyler Bozak in neutral zone.
6:50 of 3rd period - Shot by Nick Foligno.
6:50 of 3rd period - Stopped by Braden Holtby with a rebound.
6:52 of 3rd period - Shot by Brian Dumoulin.
6:52 of 3rd period - Stopped by Braden Holtby with a rebound.
6:54 of 3rd period - Shot by Alex Chiasson.
6:54 of 3rd period - Shot Misses the Net.
6:56 of 3rd period - Shot by Brian Boyle.
6:56 of 3rd period - Stopped by Braden Holtby without a rebound.
6:57 of 3rd period - Brad Richardson wins face-off versus Zack Kassian in Islanders zone.
7:21 of 3rd period - Icing by Brad Richardson.
7:22 of 3rd period - Patrick Sharp wins face-off versus Brad Richardson in Hurricanes zone.
7:43 of 3rd period - Shot by Carl Hagelin.
7:43 of 3rd period - Stopped by Braden Holtby without a rebound.
7:44 of 3rd period - Shawn Horcoff wins face-off versus Bryan Little in Islanders zone.
8:00 of 3rd period - Off-side.
8:01 of 3rd period - Brian Boyle wins face-off versus Erik Condra in neutral zone.
8:24 of 3rd period - Shot by Tyler Bozak.
8:24 of 3rd period - Stopped by Frederik Andersen without a rebound.
8:25 of 3rd period - Bryan Little wins face-off versus Shawn Horcoff in Hurricanes zone.
8:34 of 3rd period - Shot by Lee Stempniak.
8:34 of 3rd period - Stopped by Braden Holtby without a rebound.
8:35 of 3rd period - Carl Hagelin wins face-off versus Zack Kassian in Islanders zone.
9:03 of 3rd period - Shot by Alexander Semin.
9:03 of 3rd period - Shot Misses the Net.
9:07 of 3rd period - Shot by Alexander Semin.
9:07 of 3rd period - Shot Misses the Net.
9:24 of 3rd period - Icing by Ron Hainsey.
9:25 of 3rd period - Brad Richardson wins face-off versus Tyler Bozak in Hurricanes zone.
9:40 of 3rd period - Patrick Sharp is hit by Lee Stempniak.
9:57 of 3rd period - Icing by Andy Greene.
9:58 of 3rd period - Brian Boyle wins face-off versus Tyler Bozak in Islanders zone.
10:22 of 3rd period - Shot by Nick Foligno.
10:22 of 3rd period - Deflect By Alex Chiasson.
10:22 of 3rd period - Shot Blocked by Andy Greene.
10:24 of 3rd period - Shot by Alex Chiasson.
10:24 of 3rd period - Stopped by Braden Holtby without a rebound.
10:25 of 3rd period - Zach Parise wins face-off versus Colin Wilson in Islanders zone.
10:34 of 3rd period - Shot by Lee Stempniak.
10:34 of 3rd period - Stopped by Braden Holtby without a rebound.
10:35 of 3rd period - Zack Kassian wins face-off versus Bryan Little in Islanders zone.
11:06 of 3rd period - Shot by Nate Thompson.
11:06 of 3rd period - Shot Misses the Net.
11:10 of 3rd period - Shot by Alexander Semin.
11:10 of 3rd period - Stopped by Frederik Andersen without a rebound.
11:11 of 3rd period - Pierre-Alexandr Parenteau wins face-off versus Brad Richardson in Hurricanes zone.
11:22 of 3rd period - Shot by Colin Wilson.
11:22 of 3rd period - Shot Hit the Post.
11:30 of 3rd period - Shot by Brandon Davidson.
11:30 of 3rd period - Stopped by Frederik Andersen without a rebound.
11:31 of 3rd period - Tyler Bozak wins face-off versus Scott Gomez in Hurricanes zone.
11:52 of 3rd period - Shot by Patrick Sharp.
11:52 of 3rd period - Stopped by Frederik Andersen without a rebound.
11:53 of 3rd period - Bryan Little wins face-off versus Shawn Horcoff in Hurricanes zone.
12:19 of 3rd period - Shot by Colin Wilson.
12:19 of 3rd period - Shot Misses the Net.
12:27 of 3rd period - Shot by Colin Wilson.
12:27 of 3rd period - Stopped by Frederik Andersen with a rebound.
12:39 of 3rd period - Shot by Lee Stempniak.
12:39 of 3rd period - Shot Misses the Net.
13:12 of 3rd period - Shot by Tyler Bozak.
13:12 of 3rd period - Stopped by Frederik Andersen without a rebound.
13:13 of 3rd period - Brian Boyle wins face-off versus Zack Kassian in Hurricanes zone.
13:33 of 3rd period - Icing by Jordan Oesterle.
13:34 of 3rd period - Brian Boyle wins face-off versus Tyler Bozak in Hurricanes zone.
14:02 of 3rd period - Shot by Nick Foligno.
14:02 of 3rd period - Shot Misses the Net.
14:27 of 3rd period - Shot by Bryan Little.
14:27 of 3rd period - Shot Blocked by Andy Greene.
15:18 of 3rd period - Shot by Carl Hagelin.
15:18 of 3rd period - Shot Misses the Net.
16:25 of 3rd period - Shot by Alexander Semin.
16:25 of 3rd period - Shot Misses the Net.
16:27 of 3rd period - Shot by Brandon Davidson.
16:27 of 3rd period - Stopped by Frederik Andersen with a rebound.
16:41 of 3rd period - Shot by Patrick Sharp.
16:41 of 3rd period - Goal by Patrick Sharp - Hurricanes : 2 - Islanders : 4.
16:42 of 3rd period - Bryan Little wins face-off versus Tyler Bozak in neutral zone.
16:53 of 3rd period - Shot by Zach Parise.
16:53 of 3rd period - Stopped by Braden Holtby without a rebound.
16:54 of 3rd period - Bryan Little wins face-off versus David Legwand in Islanders zone.
17:01 of 3rd period - Dustin Byfuglien is hit by Nate Thompson and loses puck.
17:54 of 3rd period - Shot by Pierre-Alexandr Parenteau.
17:54 of 3rd period - Shot Misses the Net.
17:56 of 3rd period - Shot by Andy Greene.
17:56 of 3rd period - Stopped by Frederik Andersen without a rebound.
17:57 of 3rd period - Brian Boyle wins face-off versus Shawn Horcoff in Hurricanes zone.
17:57 of 3rd period - Brian Boyle is hit by Shawn Horcoff.
18:09 of 3rd period - Shot by Pierre-Alexandr Parenteau.
18:09 of 3rd period - Stopped by Frederik Andersen without a rebound.
18:10 of 3rd period - Shawn Horcoff wins face-off versus Brad Richardson in Hurricanes zone.
18:23 of 3rd period - Shot by Shawn Horcoff.
18:23 of 3rd period - Shot Misses the Net.
18:25 of 3rd period - Shot by Shawn Horcoff.
18:25 of 3rd period - Shot Misses the Net.
18:27 of 3rd period - Shot by Shawn Horcoff.
18:27 of 3rd period - Stopped by Frederik Andersen without a rebound.
18:28 of 3rd period - Brian Boyle wins face-off versus Tyler Bozak in Hurricanes zone.
18:28 of 3rd period - Brian Boyle is hit by Patrick Sharp.
18:44 of 3rd period - Roman Polak is hit by Alex Chiasson and loses puck.
18:49 of 3rd period - Shot by Alex Chiasson.
18:49 of 3rd period - Shot Misses the Net.
18:51 of 3rd period - Shot by Nick Foligno.
18:51 of 3rd period - Stopped by Braden Holtby without a rebound.
18:52 of 3rd period - Bryan Little wins face-off versus Shawn Horcoff in Islanders zone.
18:52 of 3rd period - Bryan Little is hit by Josh Manson.
18:59 of 3rd period - Lee Stempniak is hit by Josh Manson and loses puck.
19:12 of 3rd period - Shot by Bryan Little.
19:12 of 3rd period - Deflect By Zach Parise.
19:12 of 3rd period - Shot Misses the Net.
19:14 of 3rd period - Shot by Lee Stempniak.
19:14 of 3rd period - Stopped by Braden Holtby without a rebound.
19:15 of 3rd period - Zack Kassian wins face-off versus Brad Richardson in Islanders zone.
19:25 of 3rd period - Minor Penalty to Zack Kassian for High sticking.
19:26 of 3rd period - Bryan Little wins face-off versus Tyler Bozak in Islanders zone.
19:26 of 3rd period - Keith Yandle is hit by Brandon Davidson and loses puck.
19:43 of 3rd period - Shot by Zach Parise.
19:43 of 3rd period - Stopped by Braden Holtby without a rebound.
19:44 of 3rd period - Scott Gomez wins face-off versus Nate Thompson in Islanders zone.
Goals for this period are 0 for Hurricanes vs 2 for Islanders.
Shots for this period are 13 for Hurricanes vs 16 for Islanders.